 Dungeon Crawl Stone Soup version 0.30-a0-55-g90e3122c3a (webtiles) character file.

Game seed: 6100170622626070326

7433 Decritt the Fighter (level 11, -12/75 HPs)
             Began as a Gargoyle Fighter on Sept 10, 2022.
             Was a Believer of Ru.
             Mangled by a small abomination (14 damage)
             ... on level 1 of the Abyss.
             The game lasted 00:23:21 (10565 turns).

Decritt the Fighter (Gargoyle Fighter)             Turns: 10565, Time: 00:23:22

Health: -12/75     AC: 25    Str: 24      XL:     11   Next: 15%
Magic:  0/11       EV:  4    Int:  9      God:    Ru [**....]
Gold:   664        SH:  4    Dex:  8 (9)  Spells: 10/10 levels left

rFire   + . .      SeeInvis .    G - +1 whip (flame)
rCold   . . .      Faith    .    c - +0 buckler
rNeg    + . .      Spirit   +    j - +0 chain mail
rPois   ∞          Reflect  .    g - +0 helmet
rElec   +          Harm     .    (no cloak)
rCorr   .          Rampage  .    f - +1 pair of gloves
Will    +....                    v - +1 pair of boots
Stlth   ..........               p - amulet of guardian spirit
HPRegen 0.22/turn                u - ring of protection from fire
MPRegen 0.12/turn                K - ring of willpower

@: no status effects
A: sickness immunity, AC +8, negative energy resistance 1, electricity
resistance, torment resistance 1, petrification resistance, no poison magic, no
summoning magic, no transmutations magic, reduced EV 1
a: Renounce Religion


You were on level 1 of the Abyss.
You worshipped Ru.
Ru was pleased with you.
You visited 2 branches of the dungeon, and saw 10 of its levels.
You visited the Abyss 1 time.
You also visited: Sewer and Ossuary.

You collected 708 gold pieces.
You spent 44 gold pieces at shops.

Inventory:

Hand Weapons
 a - a +0 flail
 l - a +1 whip of draining
 y - a +1 vorpal morningstar
 G - a +1 whip of flaming (weapon)
 J - a +2 whip of venom
Armour
 b - a +0 scale mail
 c - a +0 buckler (worn)
 f - a +1 pair of gloves (worn)
 g - a +0 helmet (worn)
 j - a +0 chain mail (worn)
 v - a +1 pair of boots (worn)
Jewellery
 h - an amulet of magic regeneration
 k - a ring of flight
 p - an amulet of guardian spirit (around neck)
 u - a ring of protection from fire (left hand)
 A - a ring of wizardry
 B - a ring of positive energy
 I - a ring of magical power
 K - a ring of willpower (right hand)
Wands
 s - a wand of digging (4)
 t - a wand of charming (21)
 H - a wand of flame (16)
Scrolls
 o - 3 scrolls of teleportation
 r - 3 scrolls of identify
 F - 2 scrolls of fog
Potions
 d - 5 potions of might
 e - a potion of invisibility
 i - 9 potions of curing
 m - 4 potions of brilliance
 q - 4 potions of flight
 w - a potion of magic
 x - 4 potions of lignification
 z - a potion of haste
 C - 2 potions of resistance
 D - 2 potions of cancellation
 E - 3 potions of mutation


   Skills:
 * Level 11.6 Fighting
 * Level 9.6 Maces & Flails
 + Level 9.4 Armour
 + Level 3.2 Dodging
 - Level 5.2 Shields


You had 10 spell levels left.
You didn't know any spells.
Your spell library contained the following spells:

 Spells                   Type           Power      Damage    Failure   Level
 Freeze                   Ice            0%         1d3       96%         1
 Scorch                   Fire           0%         2d5       99%         2
 Static Discharge         Conj/Air       0%         3-3/arc   99%         2
 Dazzling Flash           Conj/Hex       0%         N/A       100%        3
 Inner Flame              Hex/Fire       0%         N/A       100%        3
 Ozocubu's Armour         Ice            0%         N/A       100%        3
 Cause Fear               Hex            0%         N/A       100%        4
 Dispel Undead            Necr           0%         3d6       100%        4
 Flame Wave               Conj/Fire      0%         2d4       100%        4
 Iskenderun's Mystic Bla  Conj/Tloc      0%         2d3       100%        4
 Sticky Flame             Conj/Fire      0%         2d3       100%        4
 Metabolic Englaciation   Hex/Ice        0%         N/A       100%        5
 Starburst                Conj/Fire      0%         6d3       100%        6
 Ozocubu's Refrigeration  Ice            0%         4d7       100%        7
 Discord                  Hex            0%         N/A       100%        8
 Petrify                  Tmut/Erth      Unusable   N/A       N/A         4
 Summon Mana Viper        Hex/Summ       Unusable   N/A       N/A         5
 Summon Cactus Giant      Summ           Unusable   N/A       N/A         6

Dungeon Overview and Level Annotations

Branches:
Dungeon (9/15)             Temple (1/1) D:5            Lair (0/5) D:8
  Sewer (visited)         Ossuary (visited)
    Orc: D:9-12

Altars:
Ashenzari
Cheibriados
Elyvilon
Fedhas
Gozag
Hepliaklqana
Kikubaaqudgha
Makhleb
Qazlal
Ru
Sif Muna
Trog
Uskayaw
Vehumet
Wu Jian
Xom
Yredelemnul
Zin
The Shining One

Shops:
D:4 *

Annotations:
D:8 Psyche


Innate Abilities, Weirdness & Mutations

You are immune to sickness and miasma.
Your stone body is resilient. (AC +8)
You are immune to poison.
You resist negative energy. (rN+)
You are resistant to electric shocks. (rElec)
You are resistant to unholy torment.
You are immune to petrification.
You cannot study or cast Poison magic.
You cannot study or cast Summoning magic.
You cannot study or cast Transmutations magic.
You have somewhat slow reflexes. (EV -5)


Message History

A small abomination comes into view.
Your body is wracked with pain!
* * * LOW HITPOINT WARNING * * *
You hit the large abomination but do no damage.
The large abomination is heavily damaged.
You block the large abomination's attack.
Unknown command.
You hit the large abomination but do no damage.
The large abomination is heavily damaged.
You hit the large abomination but do no damage.
The large abomination is heavily damaged.
The smoke demon gestures at you. The ball of steam hits you. You resist.
* * * LOW HITPOINT WARNING * * *
The large abomination barely misses you.
You hit the large abomination but do no damage.
The large abomination is heavily damaged.
Unknown command.
You hit the large abomination but do no damage.
The large abomination is heavily damaged.
The large abomination barely misses you.
You hit the large abomination. You burn the large abomination.
The large abomination is heavily damaged.
You hit the large abomination. You burn the large abomination.
The large abomination is severely damaged.
The large abomination hits you!!
* * * LOW HITPOINT WARNING * * *
You are too injured to fight recklessly!
Unknown command.
You feel much better.
The small abomination hits you but does no damage.
The large abomination hits you!!
* * * LOW HITPOINT WARNING * * *
The smoke demon gestures at you. Something smites you!
* * * LOW HITPOINT WARNING * * *
You block the small abomination's attack.
The small abomination attacks as you move away!
The small abomination hits you!
You die...

..##. #####
.... .... ~.
...#... .#
.....### ..
..#...# . .
#....##
#.###3....#.
#. ###...@X#..
. #......x.#
.#....##....#
#.... ...#..#
.##..##...#..#
.## ##.#.....#
#....#.# .
.#...
.#.#.##....##
#.. # .#..


You could see a large abomination, a smoke demon and a small abomination.

Vanquished Creatures
  A two-headed ogre (D:8)
  Pikel (D:7)
  Joseph (D:7)
  Maggie (D:7)
  A kobold demonologist (D:8)
  Grinder (D:6)
  A troll (D:8)
  Prince Ribbit (D:7)
  A wyvern (D:5)
  A steam dragon (D:8)
  5 humans (D:6)
  3 wargs (D:8)
  A small abomination (Abyss:1)
  A large abomination (Abyss:1)
  2 water moccasins
  Duvessa (D:6)
  An ice beast (D:7)
  2 orc warriors
  2 sky beasts (D:6)
  An ogre (D:6)
  2 centaurs
  A lemure (D:7)
  2 kobold brigands (D:8)
  2 bullfrogs (D:6)
  2 necrophages
  6 scorpions
  2 water moccasin zombies (Ossuary)
  4 wights (D:8)
  Dowan (D:6)
  4 killer bees (D:8)
  A howler monkey (D:4)
  4 hounds
  A quasit (Abyss:1)
  9 orc priests
  2 jellies
  7 iguanas
  11 orc wizards
  2 mummies (Ossuary)
  8 adders
  2 river rats (D:3)
  2 white imps (D:6)
  An ufetubus (Abyss:1)
  5 adder zombies (Ossuary)
  2 worms
  5 dart slugs
  22 orcs
  4 ball pythons
  5 endoplasms
  5 giant cockroaches
  2 gnoll zombies (Ossuary)
  7 goblins
  3 hobgoblins
  6 jackals
  14 kobolds
  5 quokkas
  7 bats
  3 frilled lizards (D:1)
  5 hobgoblin zombies (Ossuary)
  3 kobold zombies (Ossuary)
  7 orc zombies (Ossuary)
  11 rats
  A lurking horror (Abyss:1)
227 creatures vanquished.

Vanquished Creatures (others)
  An orc wizard (D:3)
  A lurking horror (Abyss:1)
2 creatures vanquished.

Grand Total: 229 creatures vanquished

Notes
Turn   | Place    | Note
-------+----------+-------------------------------------------
     0 | D:1      | Decritt the Gargoyle Fighter began the quest for the Orb.
     0 | D:1      | Reached XP level 1. HP: 14/14 MP: 1/1
   180 | D:1      | Reached XP level 2. HP: 18/19 MP: 2/2
   367 | D:1      | Found a faded altar of an unknown god.
   520 | D:1      | Reached XP level 3. HP: 20/24 MP: 3/3
   843 | D:2      | Reached skill level 4 in Fighting
  1252 | D:2      | Reached XP level 4. HP: 29/29 MP: 4/4
  1345 | D:2      | Found a hide-covered altar of Uskayaw.
  1390 | D:2      | Identified the +2 ring mail of the Rose {*Corrode rPois
                  | Int+9 Slay+3}
  1748 | D:3      | Reached XP level 5. HP: 34/34 MP: 5/5
  1839 | D:3      | Found a shimmering blue altar of Sif Muna.
  1893 | D:3      | Got Sif Muna's Grimoire of Glaciation
  2012 | D:3      | Found a glowing drain.
  2065 | Sewer    | Entered a sewer
  2251 | Sewer    | Noticed a water moccasin
  2284 | Sewer    | Killed a water moccasin
  2285 | Sewer    | Reached skill level 5 in Fighting
  2285 | Sewer    | Reached XP level 6. HP: 27/40 MP: 6/6
  2661 | D:3      | Found an ornate altar of the Wu Jian Council.
  3348 | D:4      | Found Qesh's General Store.
  3364 | D:4      | Reached XP level 7. HP: 44/45 MP: 5/7
  3384 | D:4      | Bought a scroll of identify for 22 gold pieces
  3384 | D:4      | Bought a scroll of identify for 22 gold pieces
  3413 | D:5      | Entered Level 5 of the Dungeon
  3420 | D:5      | Reached skill level 6 in Fighting
  3651 | D:5      | Reached skill level 5 in Maces & Flails
  3686 | D:5      | Reached skill level 5 in Armour
  3958 | D:5      | Found a sand-covered staircase.
  3966 | Ossuary  | Entered an ossuary
  4082 | Ossuary  | Reached XP level 8. HP: 46/52 MP: 5/8
  4106 | Ossuary  | Reached skill level 7 in Fighting
  4425 | D:5      | Found a staircase to the Ecumenical Temple.
  4442 | Temple   | Entered the Ecumenical Temple
  4499 | Temple   | Became a worshipper of Ru the Awakened
  4544 | D:5      | Noticed a wyvern
  4561 | D:5      | Killed a wyvern
  5503 | D:6      | Noticed Dowan
  5504 | D:6      | Noticed Duvessa
  5529 | D:6      | Killed Duvessa
  5539 | D:6      | Reached skill level 8 in Fighting
  5562 | D:6      | Killed Dowan
  5840 | D:6      | Noticed Grinder
  5853 | D:6      | Paralysed by Grinder for 2 turns
  5879 | D:6      | Paralysed by Grinder for 2 turns
  5880 | D:6      | Reached XP level 9. HP: 20/60 MP: 1/9
  5888 | D:6      | Paralysed by Grinder for 5 turns
  5898 | D:6      | Killed Grinder
  6283 | D:6      | Reached skill level 9 in Fighting
  6571 | D:6      | Got the Volume of Baleful Minerals
  6591 | D:6      | Gained mutation: You cannot study or cast Poison magic. [Ru
                  | sacrifice]
  6591 | D:6      | Gained mutation: You cannot study or cast Transmutations
                  | magic. [Ru sacrifice]
  6591 | D:6      | Gained mutation: You cannot study or cast Summoning magic.
                  | [Ru sacrifice]
  6591 | D:6      | Reached * piety under Ru
  6618 | D:6      | Reached skill level 5 in Shields
  7355 | D:7      | Noticed Prince Ribbit
  7363 | D:7      | Killed Prince Ribbit
  7364 | D:7      | Reached XP level 10. HP: 44/68 MP: 6/10
  7496 | D:7      | Reached skill level 10 in Fighting
  7524 | D:7      | Noticed Maggie
  7546 | D:7      | Killed Maggie
  7547 | D:7      | Reached skill level 1 in Dodging
  7757 | D:7      | Noticed Pikel
  7775 | D:7      | Killed Pikel
  8044 | D:7      | Noticed Joseph
  8077 | D:7      | Killed Joseph
  8653 | D:7      | Found a burning altar of Makhleb.
  8734 | D:8      | Noticed a two-headed ogre
  8755 | D:8      | Killed a two-headed ogre
  9033 | D:8      | Found a staircase to the Lair.
  9052 | D:8      | Reached skill level 11 in Fighting
  9648 | D:8      | Reached XP level 11. HP: 74/74 MP: 11/11
  9776 | D:8      | Found a hide-covered altar of Uskayaw.
  9931 | D:8      | Found an opulent altar of Gozag.
 10417 | D:9      | Noticed Psyche
 10428 | Abyss:1  | Cast into level 1 of the Abyss (Psyche)
 10433 | Abyss:1  | Found a corrupted altar of Lugonu.
 10440 | Abyss:1  | Gained mutation: You have somewhat slow reflexes. (EV -5)
                  | [Ru sacrifice]
 10440 | Abyss:1  | Reached ** piety under Ru
 10563 | Abyss:1  | HP: 1/75 [smoke demon/divine providence (9)]
 10565 | Abyss:1  | Mangled by a small abomination

Illustrated notes

Levels and vault maps discovered:
D:1:      dpeg_arrival_fog, layout_rooms, chequers_ecumenical_altar_twisty,
          chequers_hall_statues_y, serial_bayou_ford_a
D:2:      layout_basic, basic_altar
D:3:      layout_loops_ring, led_sif_book, old_standard_altar,
          portal_sewer_entry_c, minmay_misc_feat_tiny
D:4:      layout_loops_corners, serial_shops, shop
D:5:      layout_gridville, minmay_temple_entry_statues_fountains,
          lightli_ossuary_entry_decrepit_ruins
D:6:      layout_loops_cross, nicolae_concentric_dashed_squares_mild,
          minmay_ruffians, uniq_duvessa, uniq_grinder
D:7:      layout_loops_corners, makhleb_heckhound_becter, minmay_crystal_water,
          uniq_prince_ribbit1, uniq_maggie, uniq_joseph, uniq_pikel
D:8:      layout_loops_ring, mainiacjoe_overflow_large_starburst,
          erik_lair_orcish_takeover, kennysheep_generic_room_12
D:9:      layout_small_grid, gammafunk_temple_overflow_claw, erik_orc_3,
          gammafunk_ghost_smash, serial_rivers, chequers_serial_rivers_micro_a,
          chequers_serial_rivers_marsh, chequers_serial_rivers_micro_b,
          chequers_serial_rivers_micro_c, chequers_serial_rivers_micro_b,
          chequers_serial_rivers_micro_e, special_room [special_room_orc],
          uniq_psyche
Temple:   nicolae_temple_great_sept
Abyss:1:  base:
D:4

Skill      XL: |  1  2  3  4  5  6  7  8  9 10 11 |
---------------+----------------------------------+-----
Fighting       | 4 5 6 8 9 11 | 11.6
Maces & Flails | 3 4 5 6 7 9 |  9.6
Armour         | 4 5 6 8 9 |  9.4
Shields        | 5 |  5.2
Dodging        | 2 3 |  3.2

Action                   |  1- 3 |  4- 6 |  7- 9 | 10-12 || total
-------------------------+-------+-------+-------+-------++-------
Melee: Flail             |    96 |       |       |       ||    96
       Whip              |    26 |   214 |   523 |   419 ||  1182
       Morningstar       |       |       |    40 |       ||    40
Throw: Javelin           |       |       |       |    29 ||    29
       Throwing net      |       |       |       |     1 ||     1
Invok: Sacrifice Arcana  |       |       |     1 |       ||     1
       Sacrifice Health  |       |       |       |     1 ||     1
  Use: Scroll            |       |     6 |    13 |     2 ||    21
       Potion            |       |       |     2 |     3 ||     5
 Stab: Held in net/web   |       |       |       |     1 ||     1
Armor: Scale mail        |    32 |       |       |       ||    32
       Chain mail        |    78 |   126 |   251 |   196 ||   651
Dodge: Dodged            |    82 |    75 |   123 |   116 ||   396
Block: Buckler           |    26 |    42 |    70 |    72 ||   210

Table legend: (Time is in decaauts)
 A = Elapsed time spent in this place.
 B = Non-inter-level travel time spent in this place.
 C = Inter-level travel time spent in this place.
 D = Time resting spent in this place.
 E = Time spent auto-exploring this place.
 F = Levels seen in this place.
 G = Mean time per level.
                   A        B        C        D        E       F      G
               +--------+--------+--------+--------+--------+-----+--------+
         Total |  10404 |  10110 |    294 |   1401 |   6605 |  13 |  800.3 |
       Dungeon |   9409 |   9123 |    286 |   1266 |   6092 |   9 | 1045.4 |
        Temple |     96 |     88 |      8 |      0 |     66 |   1 |   96.0 |
         Abyss |    126 |    126 |      0 |      0 |     52 |   1 |  126.0 |
         Sewer |    378 |    378 |      0 |    135 |    168 |   1 |  378.0 |
       Ossuary |    392 |    392 |      0 |      0 |    227 |   1 |  392.0 |
               +--------+--------+--------+--------+--------+-----+--------+

Top non-repeatable levels by time:
     D:6: 1670 daAuts
     D:8: 1630 daAuts
     D:7: 1508 daAuts
     D:4: 1199 daAuts
     D:5: 991 daAuts
     D:3: 897 daAuts
     D:1: 809 daAuts
     D:2: 695 daAuts
 Ossuary: 392 daAuts
   Sewer: 378 daAuts
 Abyss:1: 126 daAuts
  Temple: 96 daAuts
     D:9: 6 daAuts
